 Dungeon Crawl Stone Soup version 0.31-a0-185-g9dded2c639 (webtiles) character file.

Game seed: 6560479015975582247

392 qw the Skirmisher (level 6, -4/35 HPs)
             Began as a Deep Elf Hunter on June 22, 2023.
             Slain by Menkaure (18 damage)
             ... on level 4 of the Dungeon.
             The game lasted 00:00:57 (2930 turns).

qw the Skirmisher (Deep Elf Hunter)                 Turns: 2930, Time: 00:00:57

Health: -4/35      AC:  6    Str: 10    XL:     6   Next: 50%
Magic:  8/8        EV: 11    Int: 14    God:
Gold:   202        SH:  0    Dex: 18    Spells: 5/5 levels left

rFire   + . .        Y - +0 shortbow
rCold   . . .        (shield currently unavailable)
rNeg    . . .        g - +0 ring mail
rPois   +            d - +0 helmet
rElec   .            (no cloak)
rCorr   .            (no gloves)
SInv    .            (no boots)
Will    .....        (no amulet)
Stlth   +            c - ring of protection from fire
HPRegen 0.25/turn    a - ring of poison resistance
MPRegen 0.11/turn

%: no passive effects
@: no status effects
A: no striking features
a: no special abilities


You were on level 4 of the Dungeon.
You visited 1 branch of the dungeon, and saw 4 of its levels.

You collected 202 gold pieces.


   Skills:
 - Level 2.2 Fighting
 - Level 10.0 Ranged Weapons
 + Level 2.4 Dodging
 - Level 1.2 Stealth


You had 5 spell levels left.
You didn't know any spells.
Your spell library was empty.

Inventory:

Hand Weapons
 Y - a +0 shortbow (weapon)
Armour
 d - a +0 helmet (worn)
 g - a +0 ring mail (worn)
Jewellery
 a - a ring of poison resistance (right hand)
 c - a ring of protection from fire (left hand)
Scrolls
 i - 3 scrolls of identify
Potions
 e - a potion of mutation {unknown}
 f - a potion of heal wounds {unknown}
 h - a potion of berserk rage {unknown}
 k - a potion of attraction {unknown}

Dungeon Overview and Level Annotations

Branches:
Dungeon (4/15)
 Temple: D:4-7

Altars:
Uskayaw

Annotations:
D:4 Menkaure, Robin


Message History

You kill the ice beast!
Your Ranged Weapons skill increases to level 10!
You start resting.
HP restored.
You open the door.
There is an open door here.
You now have 202 gold pieces (gained 8).
You open the door.
Menkaure, Prince of Dust comes into view.
Menkaure shouts!
Enter note:
Enter note:
Enter note:
Enter note: You shoot an arrow.
The arrow hits Menkaure but does no damage.
You shoot an arrow. The arrow barely misses Menkaure.
You shoot an arrow.
The arrow hits Menkaure but does no damage.
You shoot an arrow.
The arrow hits Menkaure but does no damage.
You shoot an arrow.
The arrow hits Menkaure but does no damage.
You shoot an arrow. The arrow barely misses Menkaure.
Menkaure casts a spell at you. Pain shoots through your body!
You shoot an arrow. The arrow hits Menkaure.
Menkaure is lightly damaged.
Menkaure barely misses you.
You shoot an arrow. The arrow hits Menkaure.
Menkaure is moderately damaged.
Menkaure misses you.
You shoot an arrow. The arrow barely misses Menkaure.
Menkaure hits you!!
Ouch! That really hurt!
You shoot an arrow. The arrow hits Menkaure.
Menkaure is heavily damaged.
Menkaure hits you!!
Ouch! That really hurt!
You die...

#.......#..........#...#
...##+######.#######.##...#
.........###.####.##.##'###
...).....'...#?....#......#
.........#...#.....#......#
.........#...'.....#......#
.........#...###..#..#######
.............#######.......#
................@# #.......#
...####.....####M# #.......#
...# ##...## #.# #......>#
...# ##.## #.# #.......#
#%.## #.# #.# #.#######
....## +#.#+ ..# #.#
.....###...###.... ..#
.........8........
.....###...###...


You could see Menkaure.

Vanquished Creatures
  An ice beast (D:4)
  A black bear (D:4)
  A jelly (D:4)
  2 iguanas (D:4)
  9 adders
  2 worms (D:3)
  2 orcs (D:3)
  3 ball pythons
  4 endoplasms
  2 giant cockroaches (D:3)
  8 goblins
  7 hobgoblins
  5 bats
  2 frilled lizards
  3 kobolds
  A rat (D:1)
53 creatures vanquished.

Notes
Turn   | Place    | Note
-------+----------+-------------------------------------------
     0 | D:1      | qw the Deep Elf Hunter began the quest for the Orb.
     0 | D:1      | Reached XP level 1. HP: 12/12 MP: 3/3
     0 | D:1      | 0 ||| qw: Version: 0.3-a-9-g12657ce
     0 | D:1      | 0 ||| qw: Game counter: 1742
     0 | D:1      | 0 ||| qw: Always use a shield: true
     0 | D:1      | 0 ||| qw: God list: Okawaru
     0 | D:1      | 0 ||| qw: Allow faded altars: false
     0 | D:1      | 0 ||| qw: Do Orc after D:15 true
     0 | D:1      | 0 ||| qw: Do second Lair branch before Depths: true
     0 | D:1      | 0 ||| qw: Lair rune preference: random
     0 | D:1      | 0 ||| qw: Plans: Normal
     0 | D:1      | 0 ||| PLANNING D:1-11
   504 | D:1      | Reached XP level 2. HP: 16/16 MP: 4/4
   765 | D:1      | Reached skill level 6 in Ranged Weapons
   815 | D:1      | 815 ||| UPGRADING to +0 ring mail.
   825 | D:1      | 825 ||| DROPPING +0 leather armour.
   826 | D:1      | 826 ||| READING scroll labelled TOBRIT BEAKHOY.
   827 | D:1      | 827 ||| DROPPING scroll of butterflies.
  1623 | D:2      | 1623 ||| UPGRADING to +0 helmet.
  1628 | D:2      | 1628 ||| UPGRADING to ring of protection from fire.
  1629 | D:2      | 1629 ||| READING scroll labelled CAUFIO TIXTYSCH.
  1633 | D:2      | 1633 ||| READING scroll labelled BEFUIMAAMA.
  1634 | D:2      | 1634 ||| READING scroll labelled YSOECESUQO.
  1635 | D:2      | 1635 ||| DRINKING 2 cyan potions.
  1684 | D:3      | Reached XP level 3. HP: 20/20 MP: 5/5
  1694 | D:3      | 1694 ||| STAIRDANCE
  1761 | D:3      | HP: 3/20 [poisoned by an adder]
  1762 | D:3      | HP: 1/20 [poisoned by an adder]
  1763 | D:3      | Reached skill level 7 in Ranged Weapons
  1763 | D:3      | 1763 ||| DRINKING potion of curing.
  1763 | D:3      | 1763 ||| (to cure poison)
  1793 | D:3      | 1793 ||| FLEEEEING.
  1983 | D:3      | Reached XP level 4. HP: 25/25 MP: 6/6
  2080 | D:3      | Reached skill level 8 in Ranged Weapons
  2390 | D:3      | 2390 ||| UPGRADING to ring of poison resistance.
  2391 | D:3      | 2391 ||| READING scroll labelled FILUNU MAUG.
  2415 | D:4      | Reached XP level 5. HP: 29/29 MP: 7/7
  2435 | D:4      | Noticed Robin
  2441 | D:4      | HP: 6/29 [goblin/+0 club[Robin] (4)]
  2442 | D:4      | 2442 ||| READING scroll of teleportation.
  2567 | D:4      | Noticed a +0 dagger
  2567 | D:4      | Noticed a +0 dagger
  2568 | D:4      | Found a hide-covered altar of Uskayaw.
  2653 | D:4      | Noticed a black bear
  2662 | D:4      | Killed a black bear
  2663 | D:4      | Reached skill level 9 in Ranged Weapons
  2722 | D:4      | Reached XP level 6. HP: 23/35 MP: 8/8
  2852 | D:4      | Noticed an ice beast
  2862 | D:4      | Killed an ice beast
  2863 | D:4      | Reached skill level 10 in Ranged Weapons
  2920 | D:4      | Noticed Menkaure
  2930 | D:4      | Slain by Menkaure

Levels and vault maps discovered:
D:1:      matt_arrival_grand_opening, layout_loops_corners
D:2:      layout_basic
D:3:      layout_rooms, hangedman_feature_mirror, kennysheep_generic_room_3
D:4:      cheibrodos_barr_body, layout_gridville, dancing_weapons_uskayaw,
          uniq_robin, uniq_menkaure

Skill      XL: |  1  2  3  4  5  6 |
---------------+-------------------+-----
Ranged Weapons | 6 7 8 9 10 | 10.0
Fighting       | 2 |  2.2
Dodging        | |  2.4
Stealth        | |  1.2

Action                     |  1- 3 |  4- 6 || total
---------------------------+-------+-------++-------
   Fire: Shortbow          |    98 |   135 ||   233
    Use: Scroll            |     4 |     2 ||     6
         Potion            |     2 |       ||     2
 Armour: Leather armour    |     6 |       ||     6
         Ring mail         |    31 |    40 ||    71
  Dodge: Dodged            |    48 |    64 ||   112

Table legend:
 A = Non-vault XP
 B = Vault XP
 C = Vault XP percentage of total XP
 D = Non-vault monster count
 E = Vault monster count
 F = Vault count percentage of total count
                 A         B        C        D         E       F
            +---------+---------+-------+---------+---------+-------
      Total |     548 |      12 |   2.1 |      47 |       6 |  11.3
            +---------+---------+-------+---------+---------+-------
        D:1 |      15 |       0 |   0.0 |       9 |       0 |   0.0
        D:2 |      39 |       0 |   0.0 |      10 |       0 |   0.0
        D:3 |     130 |       2 |   1.5 |      22 |       1 |   4.3
        D:4 |     364 |      10 |   2.7 |       6 |       5 |  45.5
            +---------+---------+-------+---------+---------+-------
